 Dungeon Crawl Stone Soup version 0.31-a0-236-g9a0961fb85 (webtiles) character file.

Game seed: 8159351380152294697

74 qw the Shooter (level 4, -1/36 HPs)
             Began as a Minotaur Hexslinger on July 10, 2023.
             Slain by Terence
             ... wielding a +0 hand axe
              (2 damage)
             ... on level 2 of the Dungeon.
             The game lasted 00:00:31 (1469 turns).

qw the Shooter (Minotaur Hexslinger)                Turns: 1469, Time: 00:00:32

Health: -1/36      AC:  3    Str: 12    XL:     4   Next: 10%
Magic:  4/4        EV: 12    Int: 10    God:
Gold:   123        SH:  0    Dex: 15    Spells: 4/5 levels left

rFire   . . .        Y - +1 sling
rCold   . . .        (no shield)
rNeg    . . .        g - +0 leather armour
rPois   .            (helmet restricted)
rElec   .            (no cloak)
rCorr   .            (no gloves)
SInv    .            (no boots)
Will    .....        (no amulet)
Stlth   +            (no ring)
HPRegen 0.26/turn    (no ring)
MPRegen 0.09/turn

%: no passive effects
@: no status effects
A: horns 2, retaliatory headbutt
a: no special abilities


You were on level 2 of the Dungeon.
You visited 1 branch of the dungeon, and saw 2 of its levels.

You collected 123 gold pieces.


Innate Abilities, Weirdness & Mutations

You have a pair of horns on your head.
You reflexively headbutt those who attack you in melee.


   Skills:
 - Level 2.1 Fighting
 + Level 4.5 Ranged Weapons
 - Level 2.1 Dodging
 - Level 1.0 Spellcasting
 - Level 2.0 Hexes


You had 4 spell levels left.
You knew the following spells:

 Your Spells              Type           Power      Damage    Failure   Level
a - Slow                  Hex            16%        N/A       19%         1

Your spell library contained the following spells:

 Spells                   Type           Power      Damage    Failure   Level
 Inner Flame              Hex/Fire       2%         N/A       65%         3
 Portal Projectile        Hex/Tloc       4%         N/A       65%         3
 Cause Fear               Hex            2%         N/A       88%         4

Inventory:

Hand Weapons
 Y - a +1 sling (weapon)
Armour
 b - a +0 ring mail
 g - a +0 leather armour (worn)
Scrolls
 a - 2 scrolls of identify
 d - a scroll of brand weapon {unknown}
Potions
 c - a potion of curing {unknown}
 e - a potion of heal wounds {unknown}
 f - a potion of cancellation

Dungeon Overview and Level Annotations

Branches:
Dungeon (2/15)

Altars:

Annotations:
D:2 Terence


Message History

You shoot a sling bullet. The sling bullet hits Terence.
Terence is moderately wounded.
Terence hits you but does no damage. The adder barely misses you.
Terence hits you with a +0 hand axe. The adder barely misses you.
You shoot a sling bullet.
The sling bullet hits Terence but does no damage.
Terence is moderately wounded.
The adder barely misses you. Terence barely misses you.
You shoot a sling bullet.
The sling bullet closely misses Terence.
The adder bites you but does no damage. Terence hits you with a +0 hand axe.
The adder bites you.
You shoot a sling bullet. The sling bullet barely misses Terence.
The adder closely misses you. Terence hits you with a +0 hand axe.
You shoot a sling bullet.
The sling bullet hits Terence but does no damage.
Terence is moderately wounded.
The adder barely misses you. You furiously retaliate!
You headbutt the adder. Terence completely misses you. You furiously retaliate!
You headbutt Terence. The adder closely misses you.
Terence completely misses you.
You shoot a sling bullet. The sling bullet hits Terence.
Terence is moderately wounded.
The adder misses you. You furiously retaliate!
You headbutt the adder. Terence closely misses you. You furiously retaliate!
You headbutt Terence. The adder bites you but does no damage.
You shoot a sling bullet. The sling bullet hits the adder.
The adder is almost dead.
The adder bites you but does no damage. Terence barely misses you.
You shoot a sling bullet.
The sling bullet barely misses the adder.
The adder barely misses you. Terence closely misses you.
You furiously retaliate!
You headbutt Terence. The adder bites you.
You shoot a sling bullet. The sling bullet hits the adder.
You kill the adder!
Terence closely misses you. Terence hits you with a +0 hand axe.
The gnoll closely misses you.
You have reached level 4!
You feel agile.
You shoot a sling bullet. The sling bullet barely misses Terence.
The gnoll hits you with a +0 flail. Terence hits you with a +0 hand axe.
You die...

#..##..#^.##
########..##.#..##
.##....>.........##
................##
..###...%......#####
#..........#....
#.)........:.###
####).>.......###
#g@........%..#
......@#############
..#####


You could see Terence and a gnoll.

Vanquished Creatures
  A gnoll (D:2)
  3 adders
  2 dart slugs (D:1)
  6 ball pythons
  3 bats
  2 endoplasms (D:1)
  A giant cockroach (D:1)
  2 hobgoblins (D:1)
  2 kobolds
  3 quokkas
  A frilled lizard (D:1)
  2 goblins
  4 rats (D:1)
32 creatures vanquished.

Notes
Turn   | Place    | Note
-------+----------+-------------------------------------------
     0 | D:1      | qw the Minotaur Hexslinger began the quest for the Orb.
     0 | D:1      | Reached XP level 1. HP: 16/16 MP: 1/1
     0 | D:1      | 0 ||| qw: Version: 0.3-a-52-g30416fa
     0 | D:1      | 0 ||| qw: Game counter: 4651
     0 | D:1      | 0 ||| qw: Melee chars always use a shield: true
     0 | D:1      | 0 ||| qw: God list: Okawaru
     0 | D:1      | 0 ||| qw: Allow faded altars: false
     0 | D:1      | 0 ||| qw: Do Orc after clearing Dungeon:15 true
     0 | D:1      | 0 ||| qw: Do second Lair branch before Depths: true
     0 | D:1      | 0 ||| qw: Lair rune preference: random
     0 | D:1      | 0 ||| qw: Goals: Normal
     0 | D:1      | 0 ||| PLANNING D:1-11
   142 | D:1      | Reached skill level 3 in Ranged Weapons
   142 | D:1      | Reached XP level 2. HP: 23/23 MP: 2/2
   915 | D:1      | 915 ||| UPGRADING to +0 leather armour.
   925 | D:1      | 925 ||| DROPPING +0 robe.
   926 | D:1      | 926 ||| READING 3 scrolls labelled PETRIO ITUITSE.
   927 | D:1      | 927 ||| READING scroll labelled UPIQUPR MUTOAM.
   932 | D:1      | 932 ||| READING scroll labelled QOWKOATUXO.
   933 | D:1      | 933 ||| DRINKING 2 fizzy silvery potions.
   934 | D:1      | 934 ||| READING 2 scrolls of identify.
   934 | D:1      | 934 ||| IDENTIFYING ruby potion
   935 | D:1      | 935 ||| DROPPING scroll of poison.
   936 | D:1      | 936 ||| DROPPING potion of magic.
   998 | D:2      | 998 ||| STAIRDANCE
  1003 | D:1      | Reached XP level 3. HP: 17/29 MP: 3/3
  1081 | D:2      | Reached skill level 4 in Ranged Weapons
  1083 | D:2      | HP: 6/29 [poisoned by an adder]
  1088 | D:2      | HP: 3/29 [poisoned by an adder]
  1313 | D:2      | HP: 7/29 [gnoll/+1 flail of protection (6)]
  1314 | D:2      | 1314 ||| READING scroll of teleportation.
  1315 | D:2      | HP: 3/29 [gnoll/+1 flail of protection (5)]
  1454 | D:2      | Noticed Terence
  1468 | D:2      | HP: 5/29 [Terence/+0 hand axe (5)]
  1469 | D:2      | Reached XP level 4. HP: 7/36 MP: 4/4
  1469 | D:2      | HP: 1/36 [gnoll/+0 flail (6)]
  1469 | D:2      | Slain by Terence

Levels and vault maps discovered:
D:1:      dpeg_arrival_refuge, layout_basic
D:2:      layout_rooms, uniq_terence

Skill      XL: |  1  2  3 |
---------------+----------+-----
Ranged Weapons | 3 4 |  4.5
Fighting       | 2 |  2.1
Dodging        | |  2.1
Spellcasting   | |  1.0
Hexes          | |  2.0

Action                     |  1- 3 |  4- 6 || total
---------------------------+-------+-------++-------
   Fire: Sling             |   131 |     1 ||   132
    Use: Scroll            |     5 |       ||     5
         Potion            |     1 |       ||     1
 Armour: Robe              |     6 |       ||     6
         Leather armour    |     9 |       ||     9
  Dodge: Dodged            |    55 |       ||    55

Table legend:
 A = Non-vault XP
 B = Vault XP
 C = Vault XP percentage of total XP
 D = Non-vault monster count
 E = Vault monster count
 F = Vault count percentage of total count
                 A         B        C        D         E       F
            +---------+---------+-------+---------+---------+-------
      Total |     107 |       0 |   0.0 |      32 |       0 |   0.0
            +---------+---------+-------+---------+---------+-------
        D:1 |      50 |       0 |   0.0 |      20 |       0 |   0.0
        D:2 |      57 |       0 |   0.0 |      12 |       0 |   0.0
            +---------+---------+-------+---------+---------+-------
